 Dungeon Crawl Stone Soup version 0.24-a0-434-gd57e52fea8 (webtiles) character file.

Game seed: 10590507746715565850

102 theanonym the Cudgeler (level 4, -1/33 HPs)
             Began as a Mummy Warper on June 15, 2019.
             Killed from afar by a white imp (4 damage)
             ... with a puff of frost
             ... summoned by Natasha
             ... on level 2 of the Dungeon.
             The game lasted 00:02:35 (2664 turns).

theanonym the Cudgeler (Mummy Warper)               Turns: 2664, Time: 00:02:36

Health: -1/33      AC:  6    Str: 15    XL:     4   Next: 49%
Magic:  8/8        EV:  9    Int: 12    God:
Gold:   71         SH:  0    Dex: 11    Spells: 8/8 levels left

rFire    x . .     SeeInvis .   a - +0 mace
rCold    + . .     Gourm    .   (no shield)
rNeg     + + +     Faith    .   h - +0 scale mail
rPois    ∞         Spirit   .   (no helmet)
rElec    .         Reflect  .   (no cloak)
rCorr    .         Harm     .   (no gloves)
MR       .....                  (no boots)
Stlth    ..........             (no amulet)
HPRegen  0.11/turn              (no ring)
MPRegen  0.11/turn              (no ring)

@: slowed, very slow
A: no food or potions, fire vulnerability, cold resistance 1, negative energy
resistance 3, torment resistance, unbreathing
a: no special abilities


Innate Abilities, Weirdness & Mutations

You do not eat or drink.
Your flesh is vulnerable to fire.
You are immune to poison.
Your flesh is cold resistant. (rC+)
You are immune to negative energy. (rN+++)
You are immune to unholy pain and torment.
You can survive without breathing.


   Skills:
 - Level 2.0 Fighting
 + Level 4.0 Maces & Flails
 - Level 0.7 Throwing
 - Level 0.7 Armour
 - Level 1.5 Dodging
 - Level 2.6 Spellcasting
   Level 2.4 Translocations


You had 8 spell levels left.
You didn't know any spells.
Your spell library contained the following spells:

 Spells                   Type           Power        Failure   Level  Hunger
 Blink                    Tloc           N/A          50%         2    N/A
 Shroud of Golubria       Chrm/Tloc      #.....       67%         2    N/A
 Gell's Gravitas          Tloc           #.........   75%         3    N/A
 Lesser Beckoning         Tloc           #.........   75%         3    N/A
 Teleport Other           Tloc           #.......     75%         3    N/A
 Passage of Golubria      Tloc           N/A          98%         4    N/A

Skill      XL: |  1  2  3  4 |
---------------+-------------+-----
Maces & Flails | 2 3 4 |  4.0
Fighting       | |  2.0
Throwing       | |  0.7
Armour         | |  0.7
Dodging        | |  1.5
Spellcasting   | |  2.6
Translocations | |  2.4

Action                   |  1- 3 |  4- 6 || total
-------------------------+-------+-------++-------
Melee: Mace              |   116 |    30 ||   146
  Use: Scroll            |       |     4 ||     4
Armor: Leather armour    |    15 |       ||    15
       Scale mail        |    63 |    25 ||    88
Dodge: Dodged            |   130 |    28 ||   158

Inventory:

Hand Weapons
 a - a +0 mace (weapon)
Missiles
 e - 5 boomerangs of dispersal (quivered)
Armour
 b - a +0 leather armour
 h - a +0 scale mail (worn)
Scrolls
 g - 2 scrolls of enchant armour
 i - a scroll of immolation
 j - a scroll of fear {unknown}
 n - 4 scrolls of remove curse
 r - a scroll of identify
 y - a scroll of magic mapping
 B - a scroll of blinking


You were on level 2 of the Dungeon.
You were not hungry.

You visited 1 branch of the dungeon, and saw 2 of its levels.

You collected 71 gold pieces.

Dungeon Overview and Level Annotations

Branches:
Dungeon (2/15)

Altars:
The Shining One

Annotations:
D:2 Natasha

##.#.##..........## *,,,*#*
......###.........# #...##*
##.#..###.........# #.....,
##.#..............# #...#**
...##.#####.##....# #...#
#####.......##.#..# #######...###
#####.......##.#..###............
........<......55h...............
...###.....#####@####............
##.# #.....# #5## #####.#...#.#
##.######### #..#### #.#...#.#
......# #..##.## #.#...#.#
##.##.# ##!##..#####...#.#
##.##.# ####...## ####..# ##....#
###....######..#
#####.############.#..#......#.##
#####(......>..##._..#######.'..#


You could see Natasha, 2 crimson imps and a white imp.

Notes
Turn   | Place    | Note
-------+----------+-------------------------------------------
     0 | D:1      | theanonym the Mummy Warper began the quest for the Orb.
     0 | D:1      | Reached XP level 1. HP: 16/16 MP: 4/4
    93 | D:1      | HP: 6/16 [kobold/+0 short sword (4)]
    99 | D:1      | Reached skill level 2 in Maces & Flails
   441 | D:1      | Reached XP level 2. HP: 13/22 MP: 5/5
   441 | D:1      | HP: 11/22 [hobgoblin (2)]
  1432 | D:2      | Found a glowing golden altar of the Shining One.
  1542 | D:2      | Reached skill level 3 in Maces & Flails
  1542 | D:2      | Reached XP level 3. HP: 21/27 MP: 7/7
  1916 | D:2      | Noticed Natasha
  1956 | D:2      | Killed Natasha
  1956 | D:2      | Reached XP level 4. HP: 18/33 MP: 8/8
  2336 | D:2      | Found a glowing golden altar of the Shining One.
  2369 | D:2      | Noticed Natasha
  2383 | D:2      | HP: 16/33 [Natasha (7)]
  2385 | D:2      | Killed Natasha
  2385 | D:2      | Reached skill level 4 in Maces & Flails
  2642 | D:2      | Noticed Natasha
  2662 | D:2      | HP: 15/33 [Natasha (5)]
  2664 | D:2      | HP: 3/33 [Natasha/magic dart (8)]
  2664 | D:2      | Killed from afar by a white imp

Vanquished Creatures
  Natasha (twice) (D:2)
  2 adders (D:2)
  A leopard gecko (D:1)
  A ball python (D:1)
  5 bats
  A giant cockroach (D:1)
  6 goblins
  7 hobgoblins
  4 kobolds
29 creatures vanquished.

Table legend:
 A = Turns spent in this place as a percentage of turns spent in the entire game.
 B = Non-inter-level travel turns spent in this place as a percentage of non-inter-level travel turns spent in the entire game.
 C = Inter-level travel turns spent in this place as a percentage of turns spent in this place.
 D = Turns resting spent in this place as a percentage of non-inter-level travel turns spent in this place.
 E = Turns spent auto-exploring this place as a percentage of non-inter-level travel turns spent in this place.
 F = Non-inter-level travel turns spent in this place divided by the number of levels of this place that you've seen.
                   A       B       C       D       E      F
               +-------+-------+-------+-------+-------+----------------------
         Total | 100.0 | 100.0 |   2.7 |  38.4 |  49.4 | 1295.5
       Dungeon | 100.0 | 100.0 |   2.7 |  38.4 |  49.4 | 1295.5
               +-------+-------+-------+-------+-------+----------------------
